 Dungeon Crawl Stone Soup version 0.30.0 (webtiles) character file.

Game seed: 14094401186072677916

103 samcosmo the Magician (level 5, -5/38 HPs)
             Began as a Djinni Warper on July 5, 2023.
             Slain by Natasha (8 damage)
             ... on level 2 of the Dungeon.
             The game lasted 00:04:38 (1677 turns).

samcosmo the Magician (Djinni Warper)               Turns: 1677, Time: 00:04:38

Health: -5/38      AC:  7    Str: 10    XL:     5   Next: 6%
Gold:   59         EV: 10    Int: 14    God:
                   SH:  0    Dex: 15

rFire   + + .        a - +0 falchion
rCold   x . .        (no shield)
rNeg    . . .        g - +0 ring mail
rPois   ∞            p - +0 helmet
rElec   .            (no cloak)
rCorr   .            f - +0 pair of gloves
SInv    .            (boots unavailable)
Will    .....        (no amulet)
Stlth   +            (no ring)
HPRegen 0.26/turn    (no ring)
MPRegen 0.00/turn

%: infuse magic (-6 HP)
@: flying, slowed, very slow
A: sickness immunity, fire resistance 2, cold vulnerability 1, float, innate
caster, HP casting, extra vitality 1
a: no special abilities


You were on level 2 of the Dungeon.
You visited 1 branch of the dungeon, and saw 3 of its levels.

You collected 59 gold pieces.

Inventory:

Hand Weapons
 a - a +0 falchion (weapon)
Missiles
 d - 7 boomerangs of dispersal (quivered)
 m - 5 boomerangs
Armour
 b - a +0 leather armour
 f - a +0 pair of gloves (worn)
 g - a +0 ring mail (worn)
 p - a +0 helmet (worn)
Wands
 t - a wand of flame (11)
Scrolls
 c - a scroll of blinking
 l - a scroll of vulnerability {unknown}
 s - a scroll of immolation {unknown}
Potions
 h - a potion of haste
 i - a potion of attraction
 k - 2 potions of curing
 n - a potion of mutation {unknown}
 o - a potion of resistance {unknown}
 q - a potion of ambrosia {unknown}
 r - a potion of heal wounds {unknown}


   Skills:
 - Level 2.0 Fighting
 - Level 1.7 Long Blades
 - Level 0.7 Throwing
 - Level 1.0 Armour
 - Level 2.1 Dodging
 * Level 4.1 Spellcasting


You knew the following spells:

 Your Spells              Type           Power      Damage    Failure   Level
a - Blink                 Tloc           28%        N/A       13%         2
b - Lesser Beckoning      Tloc           28%        N/A       13%         2
c - Vhi's Electric Charg  Tloc/Air       28%        N/A       26%         3
d - Teleport Other        Tloc           14%        N/A       26%         3
e - Manifold Assault      Tloc           14%        N/A       65%         4
f - Necrotise             Necr           56%        1d6       9%          1
g - Ensorcelled Hibernat  Hex/Ice        28%        N/A       13%         2
Your spell library was empty.

Dungeon Overview and Level Annotations

Branches:
Dungeon (3/15)

Altars:

Annotations:
D:2 Natasha


Innate Abilities, Weirdness & Mutations

You are immune to sickness and miasma.
You are immune to poison.
Your flesh is very heat resistant. (rF++)
You are vulnerable to cold. (rC-)
You float through the air rather than walking.
You learn spells naturally, not from books.
Your magical power is your life essence.
You have superior vitality. (+4 MHP)


Message History

You completely miss Natasha.
Natasha is heavily wounded.
The cerulean imp hits you but does no damage.
Natasha closely misses you.
The cerulean imp hits you but does no damage.
Natasha claws you.
The cerulean imp hits you but does no damage.
You hit Natasha.
Natasha is heavily wounded.
The cerulean imp barely misses you. Natasha barely misses you.
The cerulean imp hits you from afar with a +1 spear.
The cerulean imp hits you but does no damage.
Natasha howls an incantation.
Natasha shimmers violently.
Natasha barely misses you.
You barely miss Natasha.
Natasha is heavily wounded.
The cerulean imp hits you from afar with a +1 spear.
The cerulean imp misses you. Natasha claws you.
The cerulean imp barely misses you.
The cerulean imp hits you but does no damage.
You closely miss Natasha.
Natasha is heavily wounded.
Natasha claws you but does no damage.
The cerulean imp hits you from afar with a +1 spear.
* * * LOW HITPOINT WARNING * * *
The cerulean imp hits you but does no damage.
Natasha casts a spell.
The cerulean imp hits you but does no damage.
The cerulean imp hits you from afar with a +0 spear.
* * * LOW HITPOINT WARNING * * *
Natasha completely misses you.
The cerulean imp hits you from afar with a +1 spear.
* * * LOW HITPOINT WARNING * * *
You barely miss Natasha. You punch Natasha.
Natasha is almost dead.
The cerulean imp closely misses you. Natasha claws you.
* * * LOW HITPOINT WARNING * * *
Natasha claws you!
You die...

..###.###...#####.####..######...
..###.# #...# #.# #..##...)...
......# #...# #.# #....<......
#.##### #...# #.####.###.......
#.# #...#####.#....# #####..>
#.########........#.#### #...
#.......##.#####.##.# #...
#.#####.##.#####.##.# #...
#.##..........##@##.# ##.#
#)......##.##.##h##.##########...
#.......##.##:##5##.............#
#)##.##.##.....55##.###.#..##...#
#....##.#####.......###.#........
#.#####.# #######.##.....##..##
#.......# #.##..#.###..##
######### #.##...........
#.......#######


You could see Natasha and 3 cerulean imps.

Vanquished Creatures
  Natasha (D:2)
  Robin (D:2)
  An adder (D:2)
  2 worms (D:2)
  3 endoplasms
  2 giant cockroaches (D:1)
  12 goblins
  7 hobgoblins
  A quokka (D:1)
  3 ball pythons
  4 bats
  3 frilled lizards (D:1)
  7 kobolds
  3 rats
50 creatures vanquished.

Notes
Turn   | Place    | Note
-------+----------+-------------------------------------------
     0 | D:1      | samcosmo the Djinni Warper began the quest for the Orb.
     0 | D:1      | samcosmo set off with the following spells memorised:
                  | Blink, Lesser Beckoning, Vhi's Electric Charge, Teleport
                  | Other, Manifold Assault.
     0 | D:1      | Reached XP level 1. HP: 18/18 MP: 0/0
   128 | D:1      | Reached XP level 2. HP: 21/23 MP: 0/0
   174 | D:1      | Reached skill level 3 in Spellcasting
   608 | D:2      | Reached XP level 3. HP: 28/28 MP: 0/0
   608 | D:2      | Learned a level 1 spell: Necrotise
   854 | D:2      | Noticed Robin
   882 | D:2      | Killed Robin
   883 | D:2      | Reached XP level 4. HP: 15/33 MP: 0/0
  1465 | D:2      | Noticed Natasha
  1474 | D:2      | Killed Natasha
  1475 | D:2      | Reached skill level 4 in Spellcasting
  1475 | D:2      | Reached XP level 5. HP: 38/38 MP: 0/0
  1475 | D:2      | Learned a level 2 spell: Ensorcelled Hibernation
  1660 | D:2      | Noticed Natasha
  1677 | D:2      | Slain by Natasha

Illustrated notes

Levels and vault maps discovered:
D:1:      eino_arrival_water_cross, layout_rooms
D:2:      layout_loops_cross, uniq_robin, uniq_natasha
D:3:      layout_loops_corners, mainiacjoe_overflow_alcove_2,
          mainiacjoe_overflow_big_doors, mainiacjoe_overflow_small_starburst,
          nicolae_concentric_dashed_squares_mild, minmay_misc_feat_tiny

Skill      XL: |  1  2  3  4 |
---------------+-------------+-----
Spellcasting   | 3 4 |  4.1
Fighting       | |  2.0
Long Blades    | |  1.7
Throwing       | |  0.7
Armour         | |  1.0
Dodging        | |  2.1

Action                     |  1- 3 |  4- 6 || total
---------------------------+-------+-------++-------
  Melee: Falchion          |   135 |    72 ||   207
         Punch             |     2 |     3 ||     5
    Use: Scroll            |       |     4 ||     4
 Armour: Ring mail         |    77 |    40 ||   117
         Leather armour    |     1 |       ||     1
  Dodge: Dodged            |    91 |    43 ||   134
